Workbook

Sheet July 2017
A1: Check Number | D1: Check Date | E1: Vendor Name | G1: Transaction Amount | S1: Description | T1: Account Name | U1: Department | V1: Division | W1: Project Number
A2: 458741 | D2: 42919 | E2: BOB TOMES FORD | G2: 288.69 | S2: BLANKET PURCHASE ORDER | T2: AUTO MAINTENANCE | U2: EQUIPMENT SERVICES | V2: EQUIP SERV-SHARED
A6: 459203 | D6: 42927 | G6: 1193.13 | S6: BLANKET PURCHASE ORDER | T6: AUTO MAINTENANCE | U6: EQUIPMENT SERVICES | V6: EQUIP SERV-SHARED
G9: -150 | S9: INV# 49394 | T9: AUTO MAINTENANCE | U9: EQUIPMENT SERVICES | V9: EQUIP SERV-SHARED
A10: 459546 | D10: 42934 | G10: 1781.93 | S10: BLANKET PURCHASE ORDER | T10: AUTO MAINTENANCE | U10: EQUIPMENT SERVICES | V10: EQUIP SERV-SHARED
G18: -150 | S18: INV# 49867 | T18: AUTO MAINTENANCE | U18: EQUIPMENT SERVICES | V18: EQUIP SERV-SHARED
L20: =SUM(hList_Frame_1!B1:B17) -> 2963.75
A22: 458742 | D22: 42919 | E22: BOB BARKER COMPANY INC | G22: 2288.88 | S22: CLOTHING AND APPAREL | T22: DETENTION SUPPLIES | U22: SHERIFF'S OFFICE | V22: JAIL OPS-ADMIN
A23: 459547 | D23: 42934 | G23: 3304.8 | S23: CLOTHING AND APPAREL | T23: DETENTION SUPPLIES | U23: SHERIFF'S OFFICE | V23: JAIL OPS-ADMIN
L25: =SUM(hList_Frame_1!B18:B19) -> 5593.68
A27: 459548 | D27: 42934 | E27: ECOLAB INC | G27: 6381.8 | S27: JANITORIAL SUPPLIES-GEN. | T27: DETENTION SUPPLIES | U27: SHERIFF'S OFFICE | V27: JAIL OPS-ADMIN
T29: KITCHEN SUPPLIES | U29: SHERIFF'S OFFICE | V29: JAIL OPS-ADMIN
G30: 1039.8 | S30: LAUNDRY/DRY CLEAN SUPPLY | T30: DETENTION SUPPLIES | U30: SHERIFF'S OFFICE | V30: JAIL OPS-ADMIN
L32: =SUM(hList_Frame_1!B20:B23) -> 7421.6
A34: 459549 | D34: 42934 | E34: DOAN, DAVID | G34: 5.35 | T34: TRAVEL REIMBURSEMENT | U34: PUBLIC WORKS | V34: R&B - ADMIN
R36: =SUM(hList_Frame_1!B24:B24) -> 5.35
A38: 459204 | D38: 42927 | E38: MATTHEW BENDER & CO INC | G38: 330.31 | S38: BLANKET PURCHASE ORDER | T38: LIBRARY UPDATES | U38: BUDGET | V38: LAW LIBRARY-ADMIN
A39: 459205 | D39: 42927 | G39: 129.43 | S39: BLANKET PURCHASE ORDER | T39: LIBRARY UPDATES | U39: BUDGET | V39: LAW LIBRARY-ADMIN
N42: =SUM(hList_Frame_1!B25:B26) -> 459.74
A44: 459076 | D44: 42927 | E44: GIBBS, GREGG M PC | G44: 250 | S44: 199-51463-12 | T44: COURT APPOINTED ATTORNEY | U44: COURT APPT REPRESENTATION | V44: COURT APPT REPRESENTATION | W44: ID199O
N46: =SUM(hList_Frame_1!B27:B27) -> 250
A48: 458572 | D48: 42919 | E48: HEIDENHEIMER, MARK | G48: 450 | S48: 004-81098-17 | T48: COURT APPOINTED ATTORNEY | U48: COURT APPT REPRESENTATION | V48: COURT APPT REPRESENTATION | W48: IDCL4M
A49: 458573 | D49: 42919 | G49: 1000 | S49: 401-80924-17 | T49: COURT APPOINTED ATTORNEY | U49: COURT APPT REPRESENTATION | V49: COURT APPT REPRESENTATION | W49: ID401F
G50: 500 | S50: 416-81698-17 | T50: COURT APPOINTED ATTORNEY | U50: COURT APPT REPRESENTATION | V50: COURT APPT REPRESENTATION | W50: ID416F
A51: 459077 | D51: 42927 | G51: 400 | S51: 366-51699-10 | T51: COURT APPOINTED ATTORNEY | U51: COURT APPT REPRESENTATION | V51: COURT APPT REPRESENTATION | W51: ID366O
A52: 459463 | D52: 42934 | G52: 450 | S52: 001-82792-17 | T52: COURT APPOINTED ATTORNEY | U52: COURT APPT REPRESENTATION | V52: COURT APPT REPRESENTATION | W52: IDCL1M
G53: 450 | S53: 005-01470-17 | T53: COURT APPOINTED ATTORNEY | U53: COURT APPT REPRESENTATION | V53: COURT APPT REPRESENTATION | W53: IDCL5M
L55: =SUM(hList_Frame_1!B28:B33) -> 3250
A57: 458743 | D57: 42919 | E57: THOMASON TIRE INC | G57: 115.9 | S57: BLANKET PURCHASE ORDER | T57: GROUNDS EQUIPMENT MAINT | U57: EQUIPMENT SERVICES | V57: EQUIP SERV-SHARED
A58: 459206 | D58: 42927 | G58: 1756.6 | S58: BLANKET PURCHASE ORDER | T58: GROUNDS EQUIPMENT MAINT | U58: EQUIPMENT SERVICES | V58: EQUIP SERV-SHARED
T59: HEAVY EQUIPMENT REPAIR | U59: EQUIPMENT SERVICES | V59: EQUIP SERV-SHARED
L61: =SUM(hList_Frame_1!B34:B36) -> 1872.5
A63: 458744 | D63: 42919 | E63: TEXOMA FIRE EQUIPMENT INC | G63: 345 | S63: MARINE/WILDLIFE SUPPLIES | T63: INVESTIGATION EXPENSE | U63: SHERIFF'S OFFICE | V63: SO-ADMIN
N65: =SUM(hList_Frame_1!B37:B37) -> 345
A67: 458745 | D67: 42919 | E67: AAI TROPHIES & AWARDS | G67: 92.5 | S67: BADGES/IDENTIFICATION EQ. | T67: SERVICE AWARDS | U67: SHERIFF'S OFFICE | V67: SO-ADMIN
P69: =SUM(hList_Frame_1!B38:B38) -> 92.5
A71: 459207 | D71: 42927 | E71: WEST PUBLISHING CORPORATION | G71: 3550.96 | S71: BLANKET PURCHASE ORDER | T71: LIBRARY BOOKS | U71: DISTRICT ATTORNEY | V71: DA-ADMIN
G72: 280.8 | S72: MISC PROFESSIONAL SERVICE | T72: PRINTED MATERIALS | U72: DISTRICT COURTS | V72: 380TH DC-ADMIN
A73: 459550 | D73: 42934 | G73: 291.04 | S73: PUBLICATIONS/AUDIOVISUALS | T73: DUES & SUBSCRIPTIONS | U73: UNALLOCATED | V73: NON-DEPARTMENTAL
A74: 459551 | D74: 42934 | G74: 2950.18 | S74: BLANKET PURCHASE ORDER | T74: COMMUNICATION LINE LEASE | U74: BUDGET | V74: LAW LIBRARY-ADMIN
L76: =SUM(hList_Frame_1!B39:B42) -> 7072.98
A78: 458746 | D78: 42919 | E78: PLANO POWER EQUIPMENT | G78: 23.92 | S78: BLANKET PURCHASE ORDER | T78: GROUNDS EQUIPMENT MAINT | U78: EQUIPMENT SERVICES | V78: EQUIP SERV-SHARED
A79: 459208 | D79: 42927 | G79: 210.26 | S79: BLANKET PURCHASE ORDER | T79: GROUNDS EQUIPMENT MAINT | U79: EQUIPMENT SERVICES | V79: EQUIP SERV-SHARED
A80: 459552 | D80: 42934 | G80: 224.52 | S80: BLANKET PURCHASE ORDER | T80: GROUNDS EQUIPMENT MAINT | U80: EQUIPMENT SERVICES | V80: EQUIP SERV-SHARED
N83: =SUM(hList_Frame_1!B43:B46) -> 458.7
A85: 458747 | D85: 42919 | E85: GEBO DISTRIBUTING CO | G85: 156.85 | S85: BLANKET PURCHASE ORDER | T85: ANIMAL CARE | U85: ANIMAL SHELTER | V85: ANIMAL SHELTER-ADMIN
T86: SMALL TOOLS | U86: PUBLIC WORKS | V86: R&B - ADMIN
N88: =SUM(hList_Frame_1!B47:B48) -> 156.85
A90: 458748 | D90: 42919 | E90: BEN E KEITH DFW | G90: 3206.82 | S90: EDIBLE FOODS, STAPLE | T90: JAIL FOOD
T92: MINIMUM SECURITY FOOD
G94: 1237.3 | S94: FOODS, PERISHABLE | T94: JAIL FOOD
T95: MINIMUM SECURITY FOOD
G97: 598.68 | S97: FOODS, READY-TO-EAT | T97: JAIL FOOD
T98: MINIMUM SECURITY FOOD
A99: 459209 | D99: 42927 | G99: 2090.18 | S99: EDIBLE FOODS, STAPLE | T99: JAIL FOOD
G100: 885.56 | S100: FOODS, PERISHABLE | T100: JAIL FOOD
G101: 833.48 | S101: FOODS, READY-TO-EAT | T101: JAIL FOOD
A102: 459553 | D102: 42934 | G102: 1701.24 | S102: EDIBLE FOODS, STAPLE | T102: FOOD SUPPLIES | U102: SHERIFF'S OFFICE | V102: MINIMUM SECURITY
T103: MINIMUM SECURITY FOOD
G104: 1069.54 | S104: FOODS, PERISHABLE | T104: MINIMUM SECURITY FOOD
G105: 170.52 | S105: FOODS, READY-TO-EAT | T105: MINIMUM SECURITY FOOD
K107: =SUM(hList_Frame_1!B49:B64) -> 11793.32
A109: 459554 | D109: 42934 | E109: FORESTRY SUPPLIERS INC | G109: 429.04 | S109: PUBLIC WORK | T109: MAJOR ROAD CONSTRUCTION | U109: PUBLIC WORKS | V109: R&B - ADMIN
N111: =SUM(hList_Frame_1!B65:B65) -> 429.04
A113: 458749 | D113: 42919 | E113: ALFORD INSURANCE AGENCY | G113: 426 | S113: FINANCIAL/ACCOUNTANCY SER | T113: NOTARY BONDS | U113: UNALLOCATED | V113: NON-DEPARTMENTAL
A119: 459555 | D119: 42934 | G119: 142 | S119: FINANCIAL/ACCOUNTANCY SER | T119: NOTARY BONDS | U119: UNALLOCATED | V119: NON-DEPARTMENTAL
A121: 459556 | D121: 42934 | G121: 31.81 | S121: BLANKET PURCHASE ORDER | T121: SPECIAL DELIVERY SERVICE | U121: BUDGET | V121: SUPPORT SERVICES - SHARED
N123: =SUM(hList_Frame_1!B66:B74) -> 599.81
A125: 459557 | D125: 42934 | E125: MCCURDY, DAVID | G125: 17.44 | T125: TRAVEL REIMBURSEMENT | U125: INFORMATION TECHNOLOGY | V125: IT-ADMIN
G126: 266.67 | S126: d mccurdy-round rock, tx | T126: EDUCATION & CONFERENCE | U126: INFORMATION TECHNOLOGY | V126: IT-ADMIN
O128: =SUM(hList_Frame_1!B75:B76) -> 284.11
A130: 459558 | D130: 42934 | E130: KEMP, STACEY | G130: 54.27 | S130: s kemp-s. padre, tx | T130: EDUCATION & CONFERENCE | U130: COUNTY CLERK | V130: COUNTY CLERK-ADMIN
T131: TRAVEL ADVANCES
P133: =SUM(hList_Frame_1!B77:B78) -> 54.27
A135: 458750 | D135: 42919 | E135: LEXMARK INTERNATIONAL INC | G135: 2879.28 | S135: COMPUTERS/DP/WP:LEASE/PUR | T135: ONE-TIME BUDGET NON-CAP | U135: UNALLOCATED | V135: CAPITAL REPLACEMENT
L138: =SUM(hList_Frame_1!B79:B80) -> 2879.28
A140: 458758 | D140: 42919 | E140: OFFICE DEPOT | G140: 464.76 | S140: CM#933978064001 | T140: ELECTION SUPPLIES | U140: ELECTIONS | V140: ELECTIONS-ADMIN
G141: 154.92 | S141: CM#934415825001 | T141: ELECTION SUPPLIES | U141: ELECTIONS | V141: ELECTIONS-ADMIN
G142: 3.88 | S142: CM#939609556001 | T142: OFFICE SUPPLIES | U142: DISTRICT COURTS | V142: 219TH DC-ADMIN
G143: 257.12 | S143: IR:PRINTER/PLOTTER/ACCESS | T143: CENTRAL SUPPLY
T144: COMPUTER SUPPLIES | U144: BUDGET | V144: SUPPORT SERVICES - SHARED
G146: -464.76 | S146: Inv#932027511001 | T146: ELECTION SUPPLIES | U146: ELECTIONS | V146: ELECTIONS-ADMIN
G147: -154.92 | S147: Inv#932027511002 | T147: ELECTION SUPPLIES | U147: ELECTIONS | V147: ELECTIONS-ADMIN
G148: -17.6 | S148: Inv#936081481001 | T148: OFFICE SUPPLIES | U148: CONSTABLES | V148: C4-ADMIN
G149: -3.24 | S149: Inv#936456540001 | T149: OFFICE SUPPLIES | U149: PURCHASING | V149: PURCHASING - ADMIN
G150: -3.88 | S150: Inv#936793072001 | T150: OFFICE SUPPLIES | U150: DISTRICT COURTS | V150: 219TH DC-ADMIN
G151: 211.95 | S151: MISC PROFESSIONAL SERVICE | T151: ELECTION SUPPLIES | U151: ELECTIONS | V151: ELECTIONS-ADMIN
G152: 9546.45 | S152: OFFICE SUPPLIES (GENERAL) | T152: COMPUTER SUPPLIES | U152: BUDGET | V152: SUPPORT SERVICES - SHARED
T153: ELECTION SUPPLIES | U153: ELECTIONS | V153: ELECTIONS-ADMIN
T155: OFFICE SUPPLIES | U155: ADMINISTRATIVE SERVICES | V155: ADMINISTRATIVE SERV-ADMIN
U156: ANIMAL SHELTER | V156: ANIMAL SHELTER-ADMIN
U158: BUDGET | V158: SUPPORT SERVICES - ADMIN
U159: CONSTABLES | V159: C1-ADMIN
V160: C4-ADMIN
U164: COUNTY AUDITOR | V164: AUDITOR - ADMIN
U168: COUNTY CLERK | V168: CCLC - COLLECTIONS
V169: CCLC-ADMIN
V171: COUNTY CLERK-ADMIN
V179: PROBATE/MENTAL CLERKS
U181: COUNTY COURTS | V181: CCL1-ADMIN
...

Sheet hList_Frame_1
A1: =IF(ISBLANK('July 2017'!A2),"",IF(ISTEXT('July 2017'!A2),0,'July 2017'!A2)) -> 458741 | B1: =IF(ISBLANK('July 2017'!G2),"",IF(ISTEXT('July 2017'!G2),0,'July 2017'!G2)) -> 288.69
A2: =IF(ISBLANK('July 2017'!A3),"",IF(ISTEXT('July 2017'!A3),0,'July 2017'!A3)) | B2: =IF(ISBLANK('July 2017'!G3),"",IF(ISTEXT('July 2017'!G3),0,'July 2017'!G3))
A3: =IF(ISBLANK('July 2017'!A4),"",IF(ISTEXT('July 2017'!A4),0,'July 2017'!A4)) | B3: =IF(ISBLANK('July 2017'!G4),"",IF(ISTEXT('July 2017'!G4),0,'July 2017'!G4))
A4: =IF(ISBLANK('July 2017'!A5),"",IF(ISTEXT('July 2017'!A5),0,'July 2017'!A5)) | B4: =IF(ISBLANK('July 2017'!G5),"",IF(ISTEXT('July 2017'!G5),0,'July 2017'!G5))
A5: =IF(ISBLANK('July 2017'!A6),"",IF(ISTEXT('July 2017'!A6),0,'July 2017'!A6)) -> 459203 | B5: =IF(ISBLANK('July 2017'!G6),"",IF(ISTEXT('July 2017'!G6),0,'July 2017'!G6)) -> 1193.13
A6: =IF(ISBLANK('July 2017'!A7),"",IF(ISTEXT('July 2017'!A7),0,'July 2017'!A7)) | B6: =IF(ISBLANK('July 2017'!G7),"",IF(ISTEXT('July 2017'!G7),0,'July 2017'!G7))
A7: =IF(ISBLANK('July 2017'!A8),"",IF(ISTEXT('July 2017'!A8),0,'July 2017'!A8)) | B7: =IF(ISBLANK('July 2017'!G8),"",IF(ISTEXT('July 2017'!G8),0,'July 2017'!G8))
A8: =IF(ISBLANK('July 2017'!A9),"",IF(ISTEXT('July 2017'!A9),0,'July 2017'!A9)) | B8: =IF(ISBLANK('July 2017'!G9),"",IF(ISTEXT('July 2017'!G9),0,'July 2017'!G9)) -> -150
A9: =IF(ISBLANK('July 2017'!A10),"",IF(ISTEXT('July 2017'!A10),0,'July 2017'!A10)) -> 459546 | B9: =IF(ISBLANK('July 2017'!G10),"",IF(ISTEXT('July 2017'!G10),0,'July 2017'!G10)) -> 1781.93
A10: =IF(ISBLANK('July 2017'!A11),"",IF(ISTEXT('July 2017'!A11),0,'July 2017'!A11)) | B10: =IF(ISBLANK('July 2017'!G11),"",IF(ISTEXT('July 2017'!G11),0,'July 2017'!G11))
A11: =IF(ISBLANK('July 2017'!A12),"",IF(ISTEXT('July 2017'!A12),0,'July 2017'!A12)) | B11: =IF(ISBLANK('July 2017'!G12),"",IF(ISTEXT('July 2017'!G12),0,'July 2017'!G12))
A12: =IF(ISBLANK('July 2017'!A13),"",IF(ISTEXT('July 2017'!A13),0,'July 2017'!A13)) | B12: =IF(ISBLANK('July 2017'!G13),"",IF(ISTEXT('July 2017'!G13),0,'July 2017'!G13))
... A17: =IF(ISBLANK('July 2017'!A18),"",IF(ISTEXT('July 2017'!A18),0,'July 2017'!A18)) | B17: =IF(ISBLANK('July 2017'!G18),"",IF(ISTEXT('July 2017'!G18),0,'July 2017'!G18)) -> -150
A18: =IF(ISBLANK('July 2017'!A22),"",IF(ISTEXT('July 2017'!A22),0,'July 2017'!A22)) -> 458742 | B18: =IF(ISBLANK('July 2017'!G22),"",IF(ISTEXT('July 2017'!G22),0,'July 2017'!G22)) -> 2288.88
A19: =IF(ISBLANK('July 2017'!A23),"",IF(ISTEXT('July 2017'!A23),0,'July 2017'!A23)) -> 459547 | B19: =IF(ISBLANK('July 2017'!G23),"",IF(ISTEXT('July 2017'!G23),0,'July 2017'!G23)) -> 3304.8
A20: =IF(ISBLANK('July 2017'!A27),"",IF(ISTEXT('July 2017'!A27),0,'July 2017'!A27)) -> 459548 | B20: =IF(ISBLANK('July 2017'!G27),"",IF(ISTEXT('July 2017'!G27),0,'July 2017'!G27)) -> 6381.8
A21: =IF(ISBLANK('July 2017'!A28),"",IF(ISTEXT('July 2017'!A28),0,'July 2017'!A28)) | B21: =IF(ISBLANK('July 2017'!G28),"",IF(ISTEXT('July 2017'!G28),0,'July 2017'!G28))
A22: =IF(ISBLANK('July 2017'!A29),"",IF(ISTEXT('July 2017'!A29),0,'July 2017'!A29)) | B22: =IF(ISBLANK('July 2017'!G29),"",IF(ISTEXT('July 2017'!G29),0,'July 2017'!G29))
A23: =IF(ISBLANK('July 2017'!A30),"",IF(ISTEXT('July 2017'!A30),0,'July 2017'!A30)) | B23: =IF(ISBLANK('July 2017'!G30),"",IF(ISTEXT('July 2017'!G30),0,'July 2017'!G30)) -> 1039.8
A24: =IF(ISBLANK('July 2017'!A34),"",IF(ISTEXT('July 2017'!A34),0,'July 2017'!A34)) -> 459549 | B24: =IF(ISBLANK('July 2017'!G34),"",IF(ISTEXT('July 2017'!G34),0,'July 2017'!G34)) -> 5.35
A25: =IF(ISBLANK('July 2017'!A38),"",IF(ISTEXT('July 2017'!A38),0,'July 2017'!A38)) -> 459204 | B25: =IF(ISBLANK('July 2017'!G38),"",IF(ISTEXT('July 2017'!G38),0,'July 2017'!G38)) -> 330.31
A26: =IF(ISBLANK('July 2017'!A39),"",IF(ISTEXT('July 2017'!A39),0,'July 2017'!A39)) -> 459205 | B26: =IF(ISBLANK('July 2017'!G39),"",IF(ISTEXT('July 2017'!G39),0,'July 2017'!G39)) -> 129.43
A27: =IF(ISBLANK('July 2017'!A44),"",IF(ISTEXT('July 2017'!A44),0,'July 2017'!A44)) -> 459076 | B27: =IF(ISBLANK('July 2017'!G44),"",IF(ISTEXT('July 2017'!G44),0,'July 2017'!G44)) -> 250
A28: =IF(ISBLANK('July 2017'!A48),"",IF(ISTEXT('July 2017'!A48),0,'July 2017'!A48)) -> 458572 | B28: =IF(ISBLANK('July 2017'!G48),"",IF(ISTEXT('July 2017'!G48),0,'July 2017'!G48)) -> 450
A29: =IF(ISBLANK('July 2017'!A49),"",IF(ISTEXT('July 2017'!A49),0,'July 2017'!A49)) -> 458573 | B29: =IF(ISBLANK('July 2017'!G49),"",IF(ISTEXT('July 2017'!G49),0,'July 2017'!G49)) -> 1000
A30: =IF(ISBLANK('July 2017'!A50),"",IF(ISTEXT('July 2017'!A50),0,'July 2017'!A50)) | B30: =IF(ISBLANK('July 2017'!G50),"",IF(ISTEXT('July 2017'!G50),0,'July 2017'!G50)) -> 500
A31: =IF(ISBLANK('July 2017'!A51),"",IF(ISTEXT('July 2017'!A51),0,'July 2017'!A51)) -> 459077 | B31: =IF(ISBLANK('July 2017'!G51),"",IF(ISTEXT('July 2017'!G51),0,'July 2017'!G51)) -> 400
A32: =IF(ISBLANK('July 2017'!A52),"",IF(ISTEXT('July 2017'!A52),0,'July 2017'!A52)) -> 459463 | B32: =IF(ISBLANK('July 2017'!G52),"",IF(ISTEXT('July 2017'!G52),0,'July 2017'!G52)) -> 450
A33: =IF(ISBLANK('July 2017'!A53),"",IF(ISTEXT('July 2017'!A53),0,'July 2017'!A53)) | B33: =IF(ISBLANK('July 2017'!G53),"",IF(ISTEXT('July 2017'!G53),0,'July 2017'!G53)) -> 450
A34: =IF(ISBLANK('July 2017'!A57),"",IF(ISTEXT('July 2017'!A57),0,'July 2017'!A57)) -> 458743 | B34: =IF(ISBLANK('July 2017'!G57),"",IF(ISTEXT('July 2017'!G57),0,'July 2017'!G57)) -> 115.9
A35: =IF(ISBLANK('July 2017'!A58),"",IF(ISTEXT('July 2017'!A58),0,'July 2017'!A58)) -> 459206 | B35: =IF(ISBLANK('July 2017'!G58),"",IF(ISTEXT('July 2017'!G58),0,'July 2017'!G58)) -> 1756.6
A36: =IF(ISBLANK('July 2017'!A59),"",IF(ISTEXT('July 2017'!A59),0,'July 2017'!A59)) | B36: =IF(ISBLANK('July 2017'!G59),"",IF(ISTEXT('July 2017'!G59),0,'July 2017'!G59))
A37: =IF(ISBLANK('July 2017'!A63),"",IF(ISTEXT('July 2017'!A63),0,'July 2017'!A63)) -> 458744 | B37: =IF(ISBLANK('July 2017'!G63),"",IF(ISTEXT('July 2017'!G63),0,'July 2017'!G63)) -> 345
A38: =IF(ISBLANK('July 2017'!A67),"",IF(ISTEXT('July 2017'!A67),0,'July 2017'!A67)) -> 458745 | B38: =IF(ISBLANK('July 2017'!G67),"",IF(ISTEXT('July 2017'!G67),0,'July 2017'!G67)) -> 92.5
A39: =IF(ISBLANK('July 2017'!A71),"",IF(ISTEXT('July 2017'!A71),0,'July 2017'!A71)) -> 459207 | B39: =IF(ISBLANK('July 2017'!G71),"",IF(ISTEXT('July 2017'!G71),0,'July 2017'!G71)) -> 3550.96
A40: =IF(ISBLANK('July 2017'!A72),"",IF(ISTEXT('July 2017'!A72),0,'July 2017'!A72)) | B40: =IF(ISBLANK('July 2017'!G72),"",IF(ISTEXT('July 2017'!G72),0,'July 2017'!G72)) -> 280.8
A41: =IF(ISBLANK('July 2017'!A73),"",IF(ISTEXT('July 2017'!A73),0,'July 2017'!A73)) -> 459550 | B41: =IF(ISBLANK('July 2017'!G73),"",IF(ISTEXT('July 2017'!G73),0,'July 2017'!G73)) -> 291.04
A42: =IF(ISBLANK('July 2017'!A74),"",IF(ISTEXT('July 2017'!A74),0,'July 2017'!A74)) -> 459551 | B42: =IF(ISBLANK('July 2017'!G74),"",IF(ISTEXT('July 2017'!G74),0,'July 2017'!G74)) -> 2950.18
A43: =IF(ISBLANK('July 2017'!A78),"",IF(ISTEXT('July 2017'!A78),0,'July 2017'!A78)) -> 458746 | B43: =IF(ISBLANK('July 2017'!G78),"",IF(ISTEXT('July 2017'!G78),0,'July 2017'!G78)) -> 23.92
A44: =IF(ISBLANK('July 2017'!A79),"",IF(ISTEXT('July 2017'!A79),0,'July 2017'!A79)) -> 459208 | B44: =IF(ISBLANK('July 2017'!G79),"",IF(ISTEXT('July 2017'!G79),0,'July 2017'!G79)) -> 210.26
A45: =IF(ISBLANK('July 2017'!A80),"",IF(ISTEXT('July 2017'!A80),0,'July 2017'!A80)) -> 459552 | B45: =IF(ISBLANK('July 2017'!G80),"",IF(ISTEXT('July 2017'!G80),0,'July 2017'!G80)) -> 224.52
A46: =IF(ISBLANK('July 2017'!A81),"",IF(ISTEXT('July 2017'!A81),0,'July 2017'!A81)) | B46: =IF(ISBLANK('July 2017'!G81),"",IF(ISTEXT('July 2017'!G81),0,'July 2017'!G81))
A47: =IF(ISBLANK('July 2017'!A85),"",IF(ISTEXT('July 2017'!A85),0,'July 2017'!A85)) -> 458747 | B47: =IF(ISBLANK('July 2017'!G85),"",IF(ISTEXT('July 2017'!G85),0,'July 2017'!G85)) -> 156.85
A48: =IF(ISBLANK('July 2017'!A86),"",IF(ISTEXT('July 2017'!A86),0,'July 2017'!A86)) | B48: =IF(ISBLANK('July 2017'!G86),"",IF(ISTEXT('July 2017'!G86),0,'July 2017'!G86))
A49: =IF(ISBLANK('July 2017'!A90),"",IF(ISTEXT('July 2017'!A90),0,'July 2017'!A90)) -> 458748 | B49: =IF(ISBLANK('July 2017'!G90),"",IF(ISTEXT('July 2017'!G90),0,'July 2017'!G90)) -> 3206.82
A50: =IF(ISBLANK('July 2017'!A91),"",IF(ISTEXT('July 2017'!A91),0,'July 2017'!A91)) | B50: =IF(ISBLANK('July 2017'!G91),"",IF(ISTEXT('July 2017'!G91),0,'July 2017'!G91))
A51: =IF(ISBLANK('July 2017'!A92),"",IF(ISTEXT('July 2017'!A92),0,'July 2017'!A92)) | B51: =IF(ISBLANK('July 2017'!G92),"",IF(ISTEXT('July 2017'!G92),0,'July 2017'!G92))
A52: =IF(ISBLANK('July 2017'!A93),"",IF(ISTEXT('July 2017'!A93),0,'July 2017'!A93)) | B52: =IF(ISBLANK('July 2017'!G93),"",IF(ISTEXT('July 2017'!G93),0,'July 2017'!G93))
A53: =IF(ISBLANK('July 2017'!A94),"",IF(ISTEXT('July 2017'!A94),0,'July 2017'!A94)) | B53: =IF(ISBLANK('July 2017'!G94),"",IF(ISTEXT('July 2017'!G94),0,'July 2017'!G94)) -> 1237.3
A54: =IF(ISBLANK('July 2017'!A95),"",IF(ISTEXT('July 2017'!A95),0,'July 2017'!A95)) | B54: =IF(ISBLANK('July 2017'!G95),"",IF(ISTEXT('July 2017'!G95),0,'July 2017'!G95))
A55: =IF(ISBLANK('July 2017'!A96),"",IF(ISTEXT('July 2017'!A96),0,'July 2017'!A96)) | B55: =IF(ISBLANK('July 2017'!G96),"",IF(ISTEXT('July 2017'!G96),0,'July 2017'!G96))
A56: =IF(ISBLANK('July 2017'!A97),"",IF(ISTEXT('July 2017'!A97),0,'July 2017'!A97)) | B56: =IF(ISBLANK('July 2017'!G97),"",IF(ISTEXT('July 2017'!G97),0,'July 2017'!G97)) -> 598.68
A57: =IF(ISBLANK('July 2017'!A98),"",IF(ISTEXT('July 2017'!A98),0,'July 2017'!A98)) | B57: =IF(ISBLANK('July 2017'!G98),"",IF(ISTEXT('July 2017'!G98),0,'July 2017'!G98))
A58: =IF(ISBLANK('July 2017'!A99),"",IF(ISTEXT('July 2017'!A99),0,'July 2017'!A99)) -> 459209 | B58: =IF(ISBLANK('July 2017'!G99),"",IF(ISTEXT('July 2017'!G99),0,'July 2017'!G99)) -> 2090.18
A59: =IF(ISBLANK('July 2017'!A100),"",IF(ISTEXT('July 2017'!A100),0,'July 2017'!A100)) | B59: =IF(ISBLANK('July 2017'!G100),"",IF(ISTEXT('July 2017'!G100),0,'July 2017'!G100)) -> 885.56
A60: =IF(ISBLANK('July 2017'!A101),"",IF(ISTEXT('July 2017'!A101),0,'July 2017'!A101)) | B60: =IF(ISBLANK('July 2017'!G101),"",IF(ISTEXT('July 2017'!G101),0,'July 2017'!G101)) -> 833.48
... A64: =IF(ISBLANK('July 2017'!A105),"",IF(ISTEXT('July 2017'!A105),0,'July 2017'!A105)) | B64: =IF(ISBLANK('July 2017'!G105),"",IF(ISTEXT('July 2017'!G105),0,'July 2017'!G105)) -> 170.52
A65: =IF(ISBLANK('July 2017'!A109),"",IF(ISTEXT('July 2017'!A109),0,'July 2017'!A109)) -> 459554 | B65: =IF(ISBLANK('July 2017'!G109),"",IF(ISTEXT('July 2017'!G109),0,'July 2017'!G109)) -> 429.04
A66: =IF(ISBLANK('July 2017'!A113),"",IF(ISTEXT('July 2017'!A113),0,'July 2017'!A113)) -> 458749 | B66: =IF(ISBLANK('July 2017'!G113),"",IF(ISTEXT('July 2017'!G113),0,'July 2017'!G113)) -> 426
A67: =IF(ISBLANK('July 2017'!A114),"",IF(ISTEXT('July 2017'!A114),0,'July 2017'!A114)) | B67: =IF(ISBLANK('July 2017'!G114),"",IF(ISTEXT('July 2017'!G114),0,'July 2017'!G114))
A68: =IF(ISBLANK('July 2017'!A115),"",IF(ISTEXT('July 2017'!A115),0,'July 2017'!A115)) | B68: =IF(ISBLANK('July 2017'!G115),"",IF(ISTEXT('July 2017'!G115),0,'July 2017'!G115))
A69: =IF(ISBLANK('July 2017'!A116),"",IF(ISTEXT('July 2017'!A116),0,'July 2017'!A116)) | B69: =IF(ISBLANK('July 2017'!G116),"",IF(ISTEXT('July 2017'!G116),0,'July 2017'!G116))
A70: =IF(ISBLANK('July 2017'!A117),"",IF(ISTEXT('July 2017'!A117),0,'July 2017'!A117)) | B70: =IF(ISBLANK('July 2017'!G117),"",IF(ISTEXT('July 2017'!G117),0,'July 2017'!G117))
A71: =IF(ISBLANK('July 2017'!A118),"",IF(ISTEXT('July 2017'!A118),0,'July 2017'!A118)) | B71: =IF(ISBLANK('July 2017'!G118),"",IF(ISTEXT('July 2017'!G118),0,'July 2017'!G118))
A72: =IF(ISBLANK('July 2017'!A119),"",IF(ISTEXT('July 2017'!A119),0,'July 2017'!A119)) -> 459555 | B72: =IF(ISBLANK('July 2017'!G119),"",IF(ISTEXT('July 2017'!G119),0,'July 2017'!G119)) -> 142
A73: =IF(ISBLANK('July 2017'!A120),"",IF(ISTEXT('July 2017'!A120),0,'July 2017'!A120)) | B73: =IF(ISBLANK('July 2017'!G120),"",IF(ISTEXT('July 2017'!G120),0,'July 2017'!G120))
A74: =IF(ISBLANK('July 2017'!A121),"",IF(ISTEXT('July 2017'!A121),0,'July 2017'!A121)) -> 459556 | B74: =IF(ISBLANK('July 2017'!G121),"",IF(ISTEXT('July 2017'!G121),0,'July 2017'!G121)) -> 31.81
A75: =IF(ISBLANK('July 2017'!A125),"",IF(ISTEXT('July 2017'!A125),0,'July 2017'!A125)) -> 459557 | B75: =IF(ISBLANK('July 2017'!G125),"",IF(ISTEXT('July 2017'!G125),0,'July 2017'!G125)) -> 17.44
A76: =IF(ISBLANK('July 2017'!A126),"",IF(ISTEXT('July 2017'!A126),0,'July 2017'!A126)) | B76: =IF(ISBLANK('July 2017'!G126),"",IF(ISTEXT('July 2017'!G126),0,'July 2017'!G126)) -> 266.67
A77: =IF(ISBLANK('July 2017'!A130),"",IF(ISTEXT('July 2017'!A130),0,'July 2017'!A130)) -> 459558 | B77: =IF(ISBLANK('July 2017'!G130),"",IF(ISTEXT('July 2017'!G130),0,'July 2017'!G130)) -> 54.27
A78: =IF(ISBLANK('July 2017'!A131),"",IF(ISTEXT('July 2017'!A131),0,'July 2017'!A131)) | B78: =IF(ISBLANK('July 2017'!G131),"",IF(ISTEXT('July 2017'!G131),0,'July 2017'!G131))
A79: =IF(ISBLANK('July 2017'!A135),"",IF(ISTEXT('July 2017'!A135),0,'July 2017'!A135)) -> 458750 | B79: =IF(ISBLANK('July 2017'!G135),"",IF(ISTEXT('July 2017'!G135),0,'July 2017'!G135)) -> 2879.28
A80: =IF(ISBLANK('July 2017'!A136),"",IF(ISTEXT('July 2017'!A136),0,'July 2017'!A136)) | B80: =IF(ISBLANK('July 2017'!G136),"",IF(ISTEXT('July 2017'!G136),0,'July 2017'!G136))
A81: =IF(ISBLANK('July 2017'!A140),"",IF(ISTEXT('July 2017'!A140),0,'July 2017'!A140)) -> 458758 | B81: =IF(ISBLANK('July 2017'!G140),"",IF(ISTEXT('July 2017'!G140),0,'July 2017'!G140)) -> 464.76
A82: =IF(ISBLANK('July 2017'!A141),"",IF(ISTEXT('July 2017'!A141),0,'July 2017'!A141)) | B82: =IF(ISBLANK('July 2017'!G141),"",IF(ISTEXT('July 2017'!G141),0,'July 2017'!G141)) -> 154.92
A83: =IF(ISBLANK('July 2017'!A142),"",IF(ISTEXT('July 2017'!A142),0,'July 2017'!A142)) | B83: =IF(ISBLANK('July 2017'!G142),"",IF(ISTEXT('July 2017'!G142),0,'July 2017'!G142)) -> 3.88
A84: =IF(ISBLANK('July 2017'!A143),"",IF(ISTEXT('July 2017'!A143),0,'July 2017'!A143)) | B84: =IF(ISBLANK('July 2017'!G143),"",IF(ISTEXT('July 2017'!G143),0,'July 2017'!G143)) -> 257.12
A85: =IF(ISBLANK('July 2017'!A144),"",IF(ISTEXT('July 2017'!A144),0,'July 2017'!A144)) | B85: =IF(ISBLANK('July 2017'!G144),"",IF(ISTEXT('July 2017'!G144),0,'July 2017'!G144))
A86: =IF(ISBLANK('July 2017'!A145),"",IF(ISTEXT('July 2017'!A145),0,'July 2017'!A145)) | B86: =IF(ISBLANK('July 2017'!G145),"",IF(ISTEXT('July 2017'!G145),0,'July 2017'!G145))
A87: =IF(ISBLANK('July 2017'!A146),"",IF(ISTEXT('July 2017'!A146),0,'July 2017'!A146)) | B87: =IF(ISBLANK('July 2017'!G146),"",IF(ISTEXT('July 2017'!G146),0,'July 2017'!G146)) -> -464.76
A88: =IF(ISBLANK('July 2017'!A147),"",IF(ISTEXT('July 2017'!A147),0,'July 2017'!A147)) | B88: =IF(ISBLANK('July 2017'!G147),"",IF(ISTEXT('July 2017'!G147),0,'July 2017'!G147)) -> -154.92
A89: =IF(ISBLANK('July 2017'!A148),"",IF(ISTEXT('July 2017'!A148),0,'July 2017'!A148)) | B89: =IF(ISBLANK('July 2017'!G148),"",IF(ISTEXT('July 2017'!G148),0,'July 2017'!G148)) -> -17.6
A90: =IF(ISBLANK('July 2017'!A149),"",IF(ISTEXT('July 2017'!A149),0,'July 2017'!A149)) | B90: =IF(ISBLANK('July 2017'!G149),"",IF(ISTEXT('July 2017'!G149),0,'July 2017'!G149)) -> -3.24
A91: =IF(ISBLANK('July 2017'!A150),"",IF(ISTEXT('July 2017'!A150),0,'July 2017'!A150)) | B91: =IF(ISBLANK('July 2017'!G150),"",IF(ISTEXT('July 2017'!G150),0,'July 2017'!G150)) -> -3.88
A92: =IF(ISBLANK('July 2017'!A151),"",IF(ISTEXT('July 2017'!A151),0,'July 2017'!A151)) | B92: =IF(ISBLANK('July 2017'!G151),"",IF(ISTEXT('July 2017'!G151),0,'July 2017'!G151)) -> 211.95
... A282: =IF(ISBLANK('July 2017'!A341),"",IF(ISTEXT('July 2017'!A341),0,'July 2017'!A341)) | B282: =IF(ISBLANK('July 2017'!G341),"",IF(ISTEXT('July 2017'!G341),0,'July 2017'!G341))
A283: =IF(ISBLANK('July 2017'!A345),"",IF(ISTEXT('July 2017'!A345),0,'July 2017'!A345)) -> 459568 | B283: =IF(ISBLANK('July 2017'!G345),"",IF(ISTEXT('July 2017'!G345),0,'July 2017'!G345)) -> 32.64
A284: =IF(ISBLANK('July 2017'!A349),"",IF(ISTEXT('July 2017'!A349),0,'July 2017'!A349)) -> 458760 | B284: =IF(ISBLANK('July 2017'!G349),"",IF(ISTEXT('July 2017'!G349),0,'July 2017'!G349)) -> 7745.07
A285: =IF(ISBLANK('July 2017'!A350),"",IF(ISTEXT('July 2017'!A350),0,'July 2017'!A350)) -> 458761 | B285: =IF(ISBLANK('July 2017'!G350),"",IF(ISTEXT('July 2017'!G350),0,'July 2017'!G350)) -> 395.48
A286: =IF(ISBLANK('July 2017'!A354),"",IF(ISTEXT('July 2017'!A354),0,'July 2017'!A354)) -> 459881 | B286: =IF(ISBLANK('July 2017'!G354),"",IF(ISTEXT('July 2017'!G354),0,'July 2017'!G354)) -> 184600.27
A287: =IF(ISBLANK('July 2017'!A355),"",IF(ISTEXT('July 2017'!A355),0,'July 2017'!A355)) | B287: =IF(ISBLANK('July 2017'!G355),"",IF(ISTEXT('July 2017'!G355),0,'July 2017'!G355))
A288: =IF(ISBLANK('July 2017'!A356),"",IF(ISTEXT('July 2017'!A356),0,'July 2017'!A356)) | B288: =IF(ISBLANK('July 2017'!G356),"",IF(ISTEXT('July 2017'!G356),0,'July 2017'!G356))
A289: =IF(ISBLANK('July 2017'!A357),"",IF(ISTEXT('July 2017'!A357),0,'July 2017'!A357)) -> 459882 | B289: =IF(ISBLANK('July 2017'!G357),"",IF(ISTEXT('July 2017'!G357),0,'July 2017'!G357)) -> 13105.94
A290: =IF(ISBLANK('July 2017'!A361),"",IF(ISTEXT('July 2017'!A361),0,'July 2017'!A361)) -> 459078 | B290: =IF(ISBLANK('July 2017'!G361),"",IF(ISTEXT('July 2017'!G361),0,'July 2017'!G361)) -> 450
A291: =IF(ISBLANK('July 2017'!A362),"",IF(ISTEXT('July 2017'!A362),0,'July 2017'!A362)) | B291: =IF(ISBLANK('July 2017'!G362),"",IF(ISTEXT('July 2017'!G362),0,'July 2017'!G362)) -> 100
A292: =IF(ISBLANK('July 2017'!A363),"",IF(ISTEXT('July 2017'!A363),0,'July 2017'!A363)) -> 459464 | B292: =IF(ISBLANK('July 2017'!G363),"",IF(ISTEXT('July 2017'!G363),0,'July 2017'!G363)) -> 450
A293: =IF(ISBLANK('July 2017'!A364),"",IF(ISTEXT('July 2017'!A364),0,'July 2017'!A364)) -> 459913 | B293: =IF(ISBLANK('July 2017'!G364),"",IF(ISTEXT('July 2017'!G364),0,'July 2017'!G364)) -> 550
A294: =IF(ISBLANK('July 2017'!A368),"",IF(ISTEXT('July 2017'!A368),0,'July 2017'!A368)) -> 459569 | B294: =IF(ISBLANK('July 2017'!G368),"",IF(ISTEXT('July 2017'!G368),0,'July 2017'!G368)) -> 205000
A295: =IF(ISBLANK('July 2017'!A372),"",IF(ISTEXT('July 2017'!A372),0,'July 2017'!A372)) -> 458575 | B295: =IF(ISBLANK('July 2017'!G372),"",IF(ISTEXT('July 2017'!G372),0,'July 2017'!G372)) -> 10
A296: =IF(ISBLANK('July 2017'!A373),"",IF(ISTEXT('July 2017'!A373),0,'July 2017'!A373)) | B296: =IF(ISBLANK('July 2017'!G373),"",IF(ISTEXT('July 2017'!G373),0,'July 2017'!G373)) -> 10
...
